 Dungeon Crawl Stone Soup version 0.21.1-1-g345015fe64 (webtiles) character file.

421 PENNISLAND the Cleaver (level 6, 0/51 HPs)
             Began as a Hill Orc Fighter on July 1, 2018.
             Was a Follower of Makhleb.
             Slain by a gnoll (3 damage)
             ... on level 4 of the Dungeon.
             The game lasted 00:22:31 (2591 turns).

PENNISLAND the Cleaver (Hill Orc Fighter)           Turns: 2591, Time: 00:22:33

Health: 0/51       AC:  5    Str: 23    XL:     6   Next: 94%
Magic:  6/6        EV:  8    Int:  8    God:    Makhleb [*.....]
Gold:   186        SH:  9    Dex: 11    Spells: 5/5 levels left

rFire    . . .     SeeInvis .   a - +0 war axe
rCold    . . .     Gourm    .   c - +0 shield
rNeg     + . .     Faith    .   g - +0 ring mail
rPois    .         Spirit   .   (no helmet)
rElec    .         Reflect  .   (no cloak)
rCorr    .         Harm     .   (no gloves)
MR       .....                  (no boots)
Stlth    +.........             (no amulet)
HPRegen  0.17/turn              j - ring of positive energy
MPRegen  0.10/turn              i - +3 ring of strength

@: no status effects
A: no striking features
a: Renounce Religion


You were on level 4 of the Dungeon.
You worshipped Makhleb.
Makhleb was aware of your devotion.
You were full.

You visited 1 branch of the dungeon, and saw 4 of its levels.

You collected 186 gold pieces.

Inventory:

Hand Weapons
 a - a +0 war axe (weapon)
Missiles
 d - 2 throwing nets (quivered)
Armour
 c - a +0 shield (worn)
 g - a +0 ring mail (worn)
Jewellery
 i - a +3 ring of strength (right hand)
 j - a ring of positive energy (left hand)
Scrolls
 b - 5 scrolls of identify
Comestibles
 f - 6 rations


   Skills:
 - Level 3.6 Fighting
 * Level 9.2 Axes
 - Level 3.2 Armour
 - Level 0.9 Dodging
 + Level 0.3 Stealth
 * Level 3.2 Shields


You had 5 spell levels left.
You didn't know any spells.

Dungeon Overview and Level Annotations

Branches:
Dungeon (4/15)
 Temple: D:4-7

Altars:
Makhleb
Okawaru
Xom


Message History

A gnoll and a gnoll shaman come into view.
The gnoll shouts!
The gnoll shaman shouts!
You hit the gnoll shaman.
The gnoll shaman is moderately wounded.
The gnoll shaman calls upon its god to speed up the gnoll.
The gnoll seems to speed up.
You hit the gnoll shaman.
The gnoll shaman is heavily wounded.
You slash the gnoll!
The gnoll is almost dead.
You slash the gnoll shaman! You block the gnoll's attack.
You block the gnoll shaman's attack. The gnoll hits you but does no damage.
You closely miss the gnoll.
The gnoll is severely wounded.
Your shield and ring mail prevent you from hitting the gnoll shaman.
The gnoll shaman prays to its god.
The gnoll shaman is healed somewhat.
The gnoll hits you but does no damage.
The gnoll shaman calls down the wrath of its god upon you.
You resist with some effort. The gnoll hits you.
You die...

....†...................
≈≈≈≈≈≈≈≈≈≈≈≈≈...†≈≈≈≈≈≈≈
≈≈≈≈≈≈≈≈≈≈≈≈≈....≈≈≈≈≈≈≈
#≈≈≈≈≈≈≈≈≈≈≈≈....≈≈≈≈≈≈≈
#.......................
#############''''#######
# #....# .....
#..†g#......
+...@g......
############


You could see a gnoll shaman and a gnoll.

Vanquished Creatures
  A phantom (D:4)
  A hound (D:4)
  Crazy Yiuf (D:2)
  A bullfrog skeleton (D:4)
  Jessica (D:3)
  A worker ant (D:4)
  2 gnolls (D:4)
  9 adders
  An ooze (D:1)
  5 dart slugs
  A leopard gecko (D:3)
  An orc (D:3)
  11 bats
  6 giant cockroaches
  10 goblins
  14 hobgoblins
  3 jackals (D:4)
  10 kobolds
  3 quokkas
  A ball python (D:2)
  4 frilled lizards
  5 rats
92 creatures vanquished.

Notes
Turn   | Place    | Note
-------+----------+-------------------------------------------
     0 | D:1      | PENNISLAND the Hill Orc Fighter began the quest for the Orb.
     0 | D:1      | Reached XP level 1. HP: 19/19 MP: 1/1
    37 | D:1      | Reached skill level 3 in Axes
   151 | D:1      | Reached XP level 2. HP: 21/26 MP: 2/2
   333 | D:1      | Reached skill level 4 in Axes
   491 | D:1      | Reached XP level 3. HP: 30/31 MP: 3/3
   997 | D:2      | Reached skill level 5 in Axes
  1099 | D:2      | Reached XP level 4. HP: 30/39 MP: 4/4
  1271 | D:2      | Found a burning altar of Makhleb.
  1274 | D:2      | Found a shimmering altar of Xom.
  1314 | D:2      | Became a worshipper of Makhleb the Destroyer
  1462 | D:2      | Reached skill level 6 in Axes
  1773 | D:2      | Found a runed door.
  1801 | D:2      | Reached XP level 5. HP: 42/45 MP: 5/5
  1821 | D:2      | Noticed Crazy Yiuf
  1828 | D:2      | Killed Crazy Yiuf
  2082 | D:3      | Found an iron altar of Okawaru.
  2130 | D:3      | Reached skill level 7 in Axes
  2243 | D:3      | Reached * piety under Makhleb
  2295 | D:3      | Noticed Jessica
  2300 | D:3      | Killed Jessica
  2436 | D:4      | Noticed a phantom
  2451 | D:4      | Killed a phantom
  2451 | D:4      | Reached skill level 8 in Axes
  2451 | D:4      | Reached XP level 6. HP: 49/51 MP: 6/6
  2567 | D:4      | Reached skill level 9 in Axes
  2586 | D:4      | HP: 2/51 [poisoned by a worker ant]
  2591 | D:4      | Slain by a gnoll

Skill      XL: |  1  2  3  4  5  6 |
---------------+-------------------+-----
Axes           | 3 4 5 6 8 9 |  9.2
Fighting       | |  3.6
Armour         | |  3.2
Dodging        | |  0.9
Stealth        | |  0.3
Shields        | |  3.2

Action                   |  1- 3 |  4- 6 || total
-------------------------+-------+-------++-------
Melee: War axe           |   117 |   156 ||   273
  Use: Scroll            |     2 |     4 ||     6
       Potion            |       |     3 ||     3
  Eat: Ration            |       |     3 ||     3
Armor: Scale mail        |    21 |       ||    21
       Ring mail         |    31 |    54 ||    85
Dodge: Dodged            |    35 |    49 ||    84
Block: Shield            |    60 |    67 ||   127
